 Dungeon Crawl Stone Soup version 0.25.0-37-gb73750e0fb (webtiles) character file.

Game seed: 4459532659910355319

(classic levelgen) 3294 EnegeticOcto the Cleaver (level 9, 0/74 HPs)
             Began as a Deep Dwarf Fighter on July 8, 2020.
             Was an Initiate of Ru.
             Slain by a hippogriff (2 damage)
             ... on level 7 of the Dungeon.
             The game lasted 00:08:14 (1380 turns).

EnegeticOcto the Cleaver (Deep Dwarf Fighter)       Turns: 1380, Time: 00:08:15

Health: 0/74       AC: 12    Str: 23    XL:     9   Next: 69%
Magic:  5/5        EV:  3    Int:  9    God:    Ru [......]
Gold:   1          SH: 14    Dex: 12    Spells: 8/8 levels left

rFire    + . .     SeeInvis .   a - +1 war axe
rCold    . . .     Gourm    .   o - +0 tower shield
rNeg     . . .     Faith    .   k - +0 chain mail
rPois    .         Spirit   .   (no helmet)
rElec    .         Reflect  .   y - +1 cloak
rCorr    .         Harm     .   m - +0 pair of gloves
MR       +....                  (no boots)
Stlth    ..........             (no amulet)
HPRegen  0.00/turn              t - ring of protection from fire
MPRegen  0.09/turn              (no ring)

@: mighty, lethally poisoned (0 -> 0), non-regenerating
A: damage resistance, heal wounds, sense surroundings 2, no regeneration
a: Heal Wounds, Renounce Religion


You were on level 7 of the Dungeon.
You worshipped Ru.
Ru was noncommittal.
You were very hungry.

You visited 2 branches of the dungeon, and saw 8 of its levels.

You collected 193 gold pieces.
You spent 192 gold pieces at shops.

Inventory:

Hand Weapons
 a - a +1 war axe (weapon)
Missiles
 p - 8 javelins
Armour
 b - a +0 scale mail
 c - a +0 kite shield
 k - a +0 chain mail (worn)
 m - a +0 pair of gloves (worn)
 o - a +0 tower shield (worn)
 y - a +1 cloak (worn)
Jewellery
 t - a ring of protection from fire (left hand)
Wands
 l - a wand of flame (1) {@v4}
 v - a wand of digging (4) {@v3}
 z - a wand of random effects (20)
 A - a wand of paralysis (4)
Scrolls
 f - 4 scrolls of teleportation {@r3 !r}
 h - a scroll of enchant weapon
 i - a scroll of remove curse {@r2}
 j - a scroll of magic mapping {@r5 !r}
 q - a scroll of enchant armour
 r - a scroll of amnesia
Potions
 d - a potion of might {@q3 !q}
 g - 4 potions of curing {@q1 !q}
 n - a potion of brilliance {unknown}
 s - a potion of ambrosia {unknown}
 u - a potion of heal wounds {unknown}
 w - a potion of mutation {unknown}
 x - a potion of flight
Comestibles
 e - 7 rations


   Skills:
 - Level 2.6 Fighting
 * Level 13.7 Axes
 - Level 3.2 Armour
 - Level 3.2 Shields
 - Level 6.0 Evocations


You had 8 spell levels left.
You didn't know any spells.
Your spell library contained the following spells:

 Spells                   Type           Power        Failure   Level  Hunger
 Magic Dart               Conj           #...         100%        1    ##.....
 Searing Ray              Conj           #.....       100%        2    ###....
 Dazzling Flash           Conj/Hex       #.....       100%        3    ####...
 Fulminant Prism          Conj/Hex       #.........   100%        4    #####..
 Iskenderun's Mystic Bla  Conj/Tloc      #.......     100%        4    #####..


Dungeon Overview and Level Annotations

Branches:
Dungeon (7/15)             Temple (1/1) D:6

Altars:
Ashenzari
Dithmenos
Elyvilon
Fedhas
Gozag
Hepliaklqana
Kikubaaqudgha
Nemelex Xobeh
Ru
Sif Muna
Trog
Uskayaw
Vehumet
Xom
The Shining One

Shops:
D:5 *   D:7 ?


Innate Abilities, Weirdness & Mutations

You are resistant to damage.
You can heal yourself by infusing magical energy.
You passively map the area around you.
You do not regenerate.


Message History

The black bear claws you. You block the black bear's attack.
You block the polar bear's attack.
The polar bear claws you but does no damage.
You block the polar bear's attack. The hound bites you but does no damage.
The polar bear bites you! The polar bear completely misses you.
The polar bear claws you but does no damage.
Your magical essence is drained by the effort!
You feel much better. The hound bites you but does no damage.
The black bear bites you. The black bear barely misses you.
You block the black bear's attack. The polar bear bites you!
The polar bear claws you but does no damage.
You block the polar bear's attack. The polar bear bites you!
The polar bear claws you but does no damage. x2
Your magical essence is drained by the effort!
You feel much better. You block the black bear's attack.
The black bear claws you but does no damage.
You block the black bear's attack. You block the polar bear's attack.
The polar bear barely misses you.
The polar bear claws you but does no damage.
The polar bear bites you but does no damage.
The polar bear barely misses you.
The polar bear claws you but does no damage.
Your shield and chain mail prevent you from hitting the polar bear.
The polar bear is severely wounded.
You barely miss the black bear.
Your shield prevents you from hitting the manticore.
You slash the polar bear!
The black bear bites you but does no damage.
The black bear claws you but does no damage.
You block the black bear's attack. You block the polar bear's attack.
The polar bear claws you but does no damage. x2
The manticore bites you. You block the manticore's attack. x2
You block the polar bear's attack.
The polar bear claws you but does no damage.
The polar bear claws you.
You closely miss the polar bear.
The polar bear is severely wounded.
You closely miss the polar bear. You hit the manticore.
You slice the black bear!! The polar bear bites you.
You block the polar bear's attack. x2; You block the black bear's attack.
The black bear claws you. You block the black bear's attack.
The manticore bites you! The manticore claws you.
The manticore claws you but does no damage.
The polar bear bites you but does no damage.
You block the polar bear's attack.
The polar bear claws you but does no damage.
You hit the polar bear.
The polar bear is severely wounded.
You barely miss the polar bear. You slash the manticore!
You slash the black bear!
You kill the black bear!
The manticore bites you. You block the manticore's attack. x2
The polar bear bites you.
The polar bear claws you but does no damage. x2
You slash the polar bear!
You kill the polar bear!
Your shield and chain mail prevent you from hitting the polar bear.
You slash the manticore! You hit the hog. You block the hog's attack.
The polar bear barely misses you.
The polar bear claws you but does no damage. x2
You block the manticore's attack.
The manticore claws you but does no damage.
The manticore claws you. The hog bites you but does no damage.
You slash the hippogriff!
The hippogriff is moderately wounded.
You slash the polar bear! You closely miss the manticore. You slash the hog!
The polar bear goes berserk!
You block the manticore's attack.
The manticore claws you. x2; The hippogriff bites you.
The hippogriff pecks you. The hippogriff claws you. You block the hog's attack.
You slash the hippogriff!
The hippogriff is severely wounded.
You hit the hog. You slash the manticore!
Your shield and chain mail prevent you from hitting the polar bear.
You block the polar bear's attack. x2
The polar bear claws you but does no damage.
The manticore bites you! You block the manticore's attack.
The manticore claws you. The hog bites you but does no damage.
The hippogriff bites you but does no damage.
The hippogriff pecks you.
* * * LOW HITPOINT WARNING * * *
The hippogriff claws you but does no damage.
The polar bear bites you!
* * * LOW HITPOINT WARNING * * *
The polar bear claws you but does no damage.
The polar bear claws you.
* * * LOW HITPOINT WARNING * * *
You slash the hippogriff!
The hippogriff is almost dead.
You closely miss the polar bear. You hit the manticore.
You hit the hog but do no damage. The polar bear barely misses you.
You block the polar bear's attack.
The polar bear claws you but does no damage.
You block the hog's attack.
The manticore bites you but does no damage.
The manticore claws you!
* * * LOW HITPOINT WARNING * * *
You block the manticore's attack. The hippogriff barely misses you.
The hippogriff pecks you but does no damage.
The hippogriff claws you.
You die...

....## #.....#...# .(..<#
#.....#...#,,* ....##
#....$'...#, ....#
#.....'...#..## ....#
#.....'...#...
....######.....†.†.#..#
........##.....#hH.#..##*
###.....##.....#hHH#...
#.....########@hh#.# *,
###..............H...###.##
* **
8.∩.<.8.#.......###........
###.....##..###.#
#.#######* *#.....#...# #.#
#.# ,.......#.#.###.# #.#
.....###..#.....# #.#
.....##..###..#.# #.#
.....#..## ##...# #.#


You could see 2 manticores, a polar bear (berserk), 2 hippogriffs, a hog, a
black bear and a hound.

Vanquished Creatures
  A manticore (D:7)
  Maggie (D:6)
  A polar bear (D:7)
  A dream sheep (D:7)
  Prince Ribbit (D:5)
  3 hippogriffs (D:7)
  A yak (D:7)
  An orc warrior (D:6)
  A phantom (D:6)
  A black bear (D:7)
  A centaur (D:5)
  A bullfrog (D:6)
  6 killer bees (D:7)
  5 wights (D:6)
  A crimson imp (D:5)
  3 hounds
  A centaur zombie (D:6)
  A centaur skeleton (D:7)
  An iguana (D:3)
  2 jellies
  Crazy Yiuf (D:5)
  2 worker ants
  2 worker ant zombies
  A gnoll (D:3)
  7 adders
  A worm (D:5)
  2 dart slugs (D:3)
  4 leopard geckos
  11 orcs
  A ball python (D:1)
  3 giant cockroaches
  A goblin (D:3)
  2 hobgoblins (D:1)
  4 jackals (D:5)
  2 quokkas (D:6)
  A frilled lizard (D:2)
  3 kobolds
  A quokka zombie (D:6)
  2 rats (D:1)
85 creatures vanquished.

Notes
Turn   | Place    | Note
-------+----------+-------------------------------------------
     0 | D:1      | EnegeticOcto the Deep Dwarf Fighter began the quest for the
                  | Orb.
     0 | D:1      | Reached XP level 1. HP: 20/20 MP: 1/1
   132 | D:2      | Reached skill level 3 in Axes
   132 | D:2      | Reached XP level 2. HP: 22/27 MP: 2/2
   206 | D:3      | Reached skill level 4 in Axes
   206 | D:3      | Reached XP level 3. HP: 23/33 MP: 3/3
   293 | D:3      | Reached XP level 4. HP: 25/40 MP: 4/4
   295 | D:3      | Your magical essence is drained by the effort!
   300 | D:3      | Reached skill level 5 in Axes
   460 | D:5      | Entered Level 5 of the Dungeon
   460 | D:5      | Noticed a centaur
   474 | D:5      | Reached skill level 1 in Evocations
   474 | D:5      | Reached XP level 5. HP: 29/46 MP: 4/4
   480 | D:5      | Killed a centaur
   480 | D:5      | Reached skill level 6 in Axes
   480 | D:5      | Reached skill level 2 in Evocations
   534 | D:5      | Found Esmitrat's Assorted Antiques.
   537 | D:5      | Bought a scroll labeled NOKECU GABUECH for 26 gold pieces
   537 | D:5      | Bought a scroll labeled RALIUH SIFETUT for 26 gold pieces
   541 | D:5      | Noticed Prince Ribbit
   582 | D:5      | Killed Prince Ribbit
   582 | D:5      | Reached skill level 7 in Axes
   582 | D:5      | Reached skill level 3 in Evocations
   582 | D:5      | Reached XP level 6. HP: 36/55 MP: 5/7
   589 | D:5      | Your magical essence is drained by the effort!
   655 | D:6      | Noticed Maggie
   681 | D:6      | Killed Maggie
   681 | D:6      | Reached skill level 8 in Axes
   681 | D:6      | Reached skill level 4 in Evocations
   681 | D:6      | Reached XP level 7. HP: 61/61 MP: 6/8
   686 | D:5      | Reached skill level 5 in Evocations
   833 | D:5      | Found a runed translucent door.
   834 | D:5      | Noticed Crazy Yiuf
   838 | D:5      | Killed Crazy Yiuf
   935 | D:5      | Found a hazy altar of Hepliaklqana.
   984 | D:5      | Bought a scroll labeled YMPOIVE JYSSUC for 26 gold pieces
  1047 | D:6      | Found a hide-covered altar of Uskayaw.
  1070 | D:6      | Found a staircase to the Ecumenical Temple.
  1082 | Temple   | Entered the Ecumenical Temple
  1097 | Temple   | Became a worshipper of Ru the Awakened
  1124 | D:6      | Your magical essence is drained by the effort!
  1125 | D:6      | Reached skill level 9 in Axes
  1125 | D:6      | Reached XP level 8. HP: 64/68 MP: 9/9
  1135 | D:6      | Reached skill level 6 in Evocations
  1204 | D:6      | Reached skill level 10 in Axes
  1287 | D:7      | Found Judiretz's Magic Scroll Boutique.
  1292 | D:7      | Bought a scroll of teleportation for 36 gold pieces
  1292 | D:7      | Bought a scroll of magic mapping for 42 gold pieces
  1292 | D:7      | Bought a scroll of teleportation for 36 gold pieces
  1304 | D:7      | Found a glowing golden altar of the Shining One.
  1323 | D:7      | Found a huge runed translucent gate.
  1323 | D:7      | Found a huge runed translucent gate.
  1324 | D:7      | Found a huge runed translucent gate.
  1324 | D:7      | Noticed a hippogriff
  1324 | D:7      | Noticed a polar bear
  1324 | D:7      | Noticed a hippogriff
  1324 | D:7      | Noticed a manticore
  1324 | D:7      | Noticed a hippogriff
  1325 | D:7      | Found a huge runed translucent gate.
  1325 | D:7      | Noticed a manticore
  1325 | D:7      | Noticed a manticore
  1325 | D:7      | Noticed a hippogriff
  1326 | D:7      | Noticed a hippogriff
  1326 | D:7      | Noticed a dream sheep
  1326 | D:7      | Noticed a polar bear
  1341 | D:7      | Your magical essence is drained by the effort!
  1348 | D:7      | Your magical essence is drained by the effort!
  1349 | D:7      | Killed a hippogriff
  1349 | D:7      | Reached skill level 11 in Axes
  1351 | D:7      | Killed a manticore
  1351 | D:7      | Gained mutation: You passively map the area around you.
                  | [Deep Dwarf growth]
  1351 | D:7      | Reached XP level 9. HP: 40/74 MP: 8/8
  1351 | D:7      | Reached skill level 12 in Axes
  1362 | D:7      | Your magical essence is drained by the effort!
  1369 | D:7      | Reached skill level 13 in Axes
  1372 | D:7      | Your magical essence is drained by the effort!
  1373 | D:7      | Your magical essence is drained by the effort!
  1377 | D:7      | Killed a polar bear
  1380 | D:7      | HP: 2/74 [manticore (5)]
  1380 | D:7      | Slain by a hippogriff

Illustrated notes

Levels and vault maps discovered:
D:1:      minmay_arrival_semitransparent, layout_loops_ring
D:2:      layout_basic
D:3:      layout_basic, chequers_ecumenical_altar_simple_redux, first_ration,
          serial_undead, serial_undead_d, serial_undead_b, serial_undead_e,
          serial_undead_a, minmay_vboxes, uniq_natasha, uniq_terence
D:4:      layout_cave_pods, lemuel_crystal_altar, abandoned_shop
D:5:      layout_basic, overflow_temple_1_default, zin_statuary, serial_shops,
          kennysheep_mini_moat, yredelemnul_altar_generic, uniq_prince_ribbit1,
          uniq_crazy_yiuf_cottage
D:6:      layout_basic, eat_drink_and_be_merry_uskayaw,
          minmay_temple_entry_stoned_glass, uniq_eustachio, uniq_maggie
D:7:      lemuel_bear_cage, layout_basic, makhleb_grotto_becter, tso_metal_star,
          okawaru_ov_weapons_minmay, serial_bayou, serial_bayou_crossing,
          serial_bayou_lake_a, serial_bayou_shore_a, serial_bayou_pond_e,
          serial_shops, shop_statue, grunt_livestock
Temple:   cyrus_circular_temple

Skill      XL: |  1  2  3  4  5  6  7  8  9 |
---------------+----------------------------+-----
Axes           | 3 4 5 7 8 9 11 13 | 13.7
Evocations     | 1 3 4 5 6 |  6.0
Fighting       | |  2.6
Armour         | |  3.2
Shields        | |  3.2

Action                   |  1- 3 |  4- 6 |  7- 9 || total
-------------------------+-------+-------+-------++-------
Melee: War axe           |    72 |   101 |   131 ||   304
 Abil: Heal Wounds       |       |     9 |    16 ||    25
Evoke: Wand              |       |     7 |       ||     7
  Use: Scroll            |       |     3 |     8 ||    11
       Potion            |       |       |     1 ||     1
  Eat: Chunk             |       |       |     1 ||     1
Armor: Scale mail        |    17 |       |       ||    17
       Chain mail        |    31 |    47 |   293 ||   371
Dodge: Dodged            |    21 |    14 |    50 ||    85
Block: Kite shield       |    56 |    16 |       ||    72
       Tower shield      |       |    65 |   278 ||   343
